 Dungeon Crawl Stone Soup version 0.31-a0-1005-gfbdfbac (webtiles) character file.

Game seed: 12969313089049154916

447 Partyfoot the Shield-Bearer (level 7, -7/55 HPs)
             Began as a Formicid Fighter on Nov 11, 2023.
             Killed by divine providence
             ... invoked by an orc priest
              (15 damage)
             ... on level 4 of the Dungeon.
             The game lasted 00:08:43 (3405 turns).

Partyfoot the Shield-Bearer (Formicid Fighter)      Turns: 3405, Time: 00:08:44

Health: -7/55      AC: 14    Str: 21    XL:     7   Next: 24%
Magic:  7/7        EV:  9    Int:  7    God:
Gold:   200        SH:  5    Dex: 15    Spells: 5/6 levels left

rFire   . . .        a - +0 quarterstaff (protect)
rCold   + . .        c - +0 buckler
rNeg    . . .        b - +0 scale mail
rPois   .            (helmet unavailable)
rElec   .            (no cloak)
rCorr   .            (no gloves)
SInv    +            (no boots)
Will    .....        (no amulet) Stlth
                     o - ring of protection from cold
HPRegen 0.29/turn    (no ring)
MPRegen 0.10/turn

%: no passive effects
@: under a protective aura
A: permanent stasis, dig shafts and tunnels, antennae 3, four strong arms
a: Dig, Shaft Self


You were on level 4 of the Dungeon.
You visited 1 branch of the dungeon, and saw 4 of its levels.

You collected 200 gold pieces.

Inventory:

Hand Weapons
 a - a +0 quarterstaff of protection (weapon)
Missiles
 i - 22 stones
Armour
 b - a +0 scale mail (worn)
 c - a +0 buckler (worn)
Jewellery
 o - a ring of protection from cold (left hand)
 p - a ring of ice
Scrolls
 e - a scroll of fear
 f - a scroll of butterflies {unknown}
 j - a scroll of immolation
 m - a scroll of identify
 n - a scroll of amnesia
Potions
 h - 2 potions of haste
 k - a potion of ambrosia {unknown}
 l - 2 potions of curing


   Skills:
 + Level 4.8 Fighting
 + Level 3.6 Staves
 + Level 4.9 Armour
 + Level 5.9 Shields
 - Level 2.0 Translocations


You had 5 spell levels left.
You knew the following spells:

 Your Spells              Type           Power      Damage    Failure   Level
a - Apportation           Tloc           4%         N/A       54%         1

Your spell library contained the following spells:

 Spells                   Type           Power      Damage    Failure   Level
 Necrotise                Necr           0%         1d4       82%         1
 Summon Small Mammal      Summ           0%         N/A       82%         1


Dungeon Overview and Level Annotations

Branches:
Dungeon (4/15)
 Temple: D:4-7

Altars:
Dithmenos
Sif Muna
Trog
Uskayaw
Xom
Zin

Annotations:
D:4 1 runed translucent door, uhhuh's ghost, weakling SpDe


Innate Abilities, Weirdness & Mutations

You cannot be hasted, slowed, berserked, paralysed or teleported.
You can dig through walls and to a lower floor.
You have a pair of large antennae on your head. (SInv)
Your four strong arms can wield two-handed weapons with a shield.


Message History

You block the orc's attack. The orc priest barely misses you.
The orc closely misses you. The orc priest closely misses you.
You closely miss the orc priest.
The orc priest is severely wounded.
The orc priest hits you with a +0 flail.
The orc priest barely misses you. The orc hits you but does no damage.
You hit the orc priest.
The orc priest is almost dead.
The orc priest barely misses you.
The orc priest hits you but does no damage.
You block the orc's attack.
You hit the orc priest but do no damage.
The orc priest is almost dead.
The orc priest hits you but does no damage.
The orc priest barely misses you. The orc barely misses you.
You barely miss the orc priest.
The orc priest is almost dead.
The orc priest hits you but does no damage.
The orc hits you but does no damage.
The orc priest calls upon Beogh to heal the orc priest.
The orc priest is healed somewhat.
You hit the orc priest but do no damage.
The orc priest is severely wounded.
The orc priest invokes the aid of Beogh against you.
Pain shoots through your body!
* * * LOW HITPOINT WARNING * * *
The orc priest closely misses you. The orc barely misses you.
You barely miss the orc priest.
The orc priest is severely wounded.
The orc priest hits you with a +0 flail.
* * * LOW HITPOINT WARNING * * *
The orc priest hits you with a +0 hand axe.
* * * LOW HITPOINT WARNING * * *
The orc completely misses you.
You closely miss the orc priest.
The orc priest is severely wounded.
The orc priest closely misses you. The orc hits you but does no damage.
The orc priest calls down the wrath of Beogh upon you.
Beogh smites you!
You die...

##...####..##
###...## ##..##
.#..### ##..###
...## ##...## ..
.### ###..##
#... .#
##..##..... ##
#####....# .#
####........#
###
#....o@.....#
#_##
......oo......#
#._#
..............#
...#
...............#
..##
...............#
#._#
................
#.##
.............#..
######
.............#
.....#


You could see 2 orc priests and an orc.

Vanquished Creatures
  A black bear (D:4)
  A scorpion (D:4)
  A howler monkey (D:4)
  A hound (D:4)
  An orc wizard (D:4)
  Natasha (D:4)
  An iguana (D:4)
  7 adders
  6 worms
  4 orcs (D:4)
  5 endoplasms
  4 giant cockroaches
  3 goblins
  10 hobgoblins
  9 kobolds
  4 quokkas
  4 ball pythons
  7 bats
  2 frilled lizards
  6 rats
78 creatures vanquished.

Notes
Turn   | Place    | Note
-------+----------+-------------------------------------------
     0 | D:1      | Partyfoot the Formicid Fighter began the quest for the Orb.
     0 | D:1      | Reached XP level 1. HP: 18/18 MP: 1/1
   225 | D:1      | Reached XP level 2. HP: 24/24 MP: 2/2
   784 | D:2      | Identified the "Mybome"
   789 | D:2      | Reached XP level 3. HP: 29/29 MP: 3/3
   792 | D:2      | Identified the +7 long sword "Iwuj" {heavy, *Corrode rPois
                  | rC++ MP+9}
   970 | D:2      | Reached XP level 4. HP: 27/37 MP: 4/4
  1174 | D:2      | Learned a level 1 spell: Apportation
  1378 | D:2      | Found a shimmering blue altar of Sif Muna.
  1961 | D:3      | Reached XP level 5. HP: 42/42 MP: 5/5
  2319 | D:3      | Reached skill level 5 in Shields
  2670 | D:4      | Found a runed translucent door.
  2682 | D:4      | Noticed uhhuh's ghost (weakling SpDe)
  2755 | D:4      | Noticed a black bear
  2769 | D:4      | Killed a black bear
  2770 | D:4      | Reached skill level 1 in Translocations
  2770 | D:4      | Reached XP level 6. HP: 19/49 MP: 6/6
  2893 | D:4      | Noticed Natasha
  2916 | D:4      | Killed Natasha
  2931 | D:4      | Reached XP level 7. HP: 25/55 MP: 7/7
  3138 | D:4      | Found a bloodstained altar of Trog.
  3142 | D:4      | Found a shimmering altar of Xom.
  3142 | D:4      | Found a hide-covered altar of Uskayaw.
  3145 | D:4      | Found a shadowy altar of Dithmenos.
  3149 | D:4      | Found a glowing silver altar of Zin.
  3405 | D:4      | Killed from afar by an orc priest

Illustrated notes

Levels and vault maps discovered:
D:1:      minmay_arrival_cross, layout_loops_ring
D:2:      layout_basic, basic_altar
D:3:      layout_basic, grunt_ministairs_7
D:4:      layout_cave_pods, minitemple, ebering_ghost_reflecting_pool,
          uniq_natasha

Skill      XL: |  1  2  3  4  5  6  7 |
---------------+----------------------+-----
Armour         | 4 |  4.9
Fighting       | 4 |  4.8
Shields        | 5 |  5.9
Staves         | 3 |  3.6
Translocations | 1 2 |  2.0

Action                     |  1- 3 |  4- 6 |  7- 9 || total
---------------------------+-------+-------+-------++-------
  Melee: Quarterstaff      |    62 |   172 |    49 ||   283
Ability: Dig               |       |     2 |       ||     2
    Use: Potion            |       |     2 |       ||     2
         Scroll            |       |     7 |       ||     7
 Armour: Scale mail        |    34 |   126 |    47 ||   207
  Dodge: Dodged            |    23 |    56 |    28 ||   107
  Block: Buckler           |    13 |    44 |    16 ||    73

Table legend: (Time is in decaauts)
 A = Elapsed time spent in this place.
 B = Non-inter-level travel time spent in this place.
 C = Inter-level travel time spent in this place.
 D = Time resting spent in this place.
 E = Time spent auto-exploring this place.
 F = Levels seen in this place.
 G = Mean time per level.
                   A        B        C        D        E       F      G
               +--------+--------+--------+--------+--------+-----+--------+
         Total |   3455 |   3379 |     76 |    304 |   2432 |   4 |  863.8 |
       Dungeon |   3455 |   3379 |     76 |    304 |   2432 |   4 |  863.8 |
               +--------+--------+--------+--------+--------+-----+--------+

Top non-repeatable levels by time:
     D:4: 977 daAuts
     D:2: 932 daAuts
     D:1: 793 daAuts
     D:3: 752 daAuts
